 Dungeon Crawl Stone Soup version 0.22.0-49-gab54619 (webtiles) character file.

2677 bogdani the Cleaver (level 9, -3/79 HPs)
             Began as a Hill Orc Fighter on Sept 6, 2018.
             Was a Follower of Trog.
             Slain by an unseen horror (9 damage)
             ... on level 8 of the Dungeon on Sept 8, 2018.
             The game lasted 00:35:11 (7387 turns).

bogdani the Cleaver (Hill Orc Fighter)              Turns: 7387, Time: 00:35:12

Health: -3/79      AC:  8    Str: 22    XL:     9   Next: 64%
Magic:  9/9        EV:  8    Int:  8    God:    Trog [*.....]
Gold:   395        SH: 10    Dex: 10    Spells: 8/8 levels left

rFire    . . .     SeeInvis .   A - +3 flail
rCold    . . .     Gourm    .   c - +0 shield
rNeg     . . .     Faith    .   u - +0 scale mail
rPois    .         Spirit   .   (no helmet)
rElec    .         Reflect  .   (no cloak)
rCorr    .         Harm     .   (no gloves)
MR       .....                  (no boots)
Stlth    ..........             (no amulet)
HPRegen  0.23/turn              (no ring)
MPRegen  0.11/turn              (no ring)

@: no status effects
A: no striking features
a: Berserk, Renounce Religion


You were on level 8 of the Dungeon.
You worshipped Trog.
Trog was aware of your devotion.
You were hungry.

You visited 1 branch of the dungeon, and saw 8 of its levels.

You collected 395 gold pieces.

Inventory:

Hand Weapons
 a - a +0 war axe
 b - a +0 hunting sling
 A - a +3 flail (weapon)
 C - a +2 spear of piercing
Missiles
 t - 25 sling bullets
 v - 190 stones (quivered)
Armour
 c - a +0 shield (worn)
 k - a +0 large shield
 u - a +0 scale mail (worn)
 B - a +1 pair of gloves
Wands
 w - a wand of digging (17)
Scrolls
 d - a scroll of identify
 g - a scroll of remove curse
 h - a scroll of enchant armour {unknown}
 i - a scroll of amnesia
 l - 3 scrolls of teleportation {unknown}
 o - a scroll of fog {unknown}
 p - a scroll of random uselessness {unknown}
 q - a scroll of blinking {unknown}
 r - a scroll of fear {unknown}
 y - a scroll of immolation
Potions
 e - a potion of curing
 j - a potion of flight
 m - 2 potions of lignification
 n - a potion of magic
 s - a potion of agility
 x - 2 potions of brilliance
Comestibles
 f - 9 rations


   Skills:
 * Level 7.0 Fighting
 * Level 10.7(11.1) Axes
 + Level 3.5(6.8) Maces & Flails
 + Level 0.3 Slings
 * Level 7.5 Armour
 + Level 1.8 Dodging
 + Level 5.5 Shields


You had 8 spell levels left.
You didn't know any spells.
Your spell library was empty.

Dungeon Overview and Level Annotations

Branches:
Dungeon (8/15)             Temple (0/1) D:5
   Lair: D:8-11

Altars:
Dithmenos
Sif Muna
Trog
The Shining One

Annotations:
D:5 2 runed doors, Gremour's ghost, novice DrMo


Message History

You sock the centaur zombie!
The centaur zombie is heavily damaged.
The centaur zombie hits you.
* * * LOW HITPOINT WARNING * * *
You block the centaur zombie's attack.
You feel better. You block the centaur zombie's attack.
An orc warrior comes into view. It is wielding a hand axe.
You sock the centaur zombie!
The centaur zombie is severely damaged.
The centaur zombie barely misses you.
You thump the centaur zombie!
You destroy the centaur zombie!
Trog accepts your kill. Something hits you but does no damage.
Something hits you.
* * * LOW HITPOINT WARNING * * *
You hit something. You block something's attack.
You closely miss something. Something hits you.
* * * LOW HITPOINT WARNING * * *
Something hits you!
You die...

..... #)# ### #.#
#.# #.# #.#
##.######
##########...(.....
..............####.
.......@.......#
...#...{.#......#
#.###!#.###...#
#.†.oY#.. .....
#..$..#[.(..# .....
#.###$#?###.# #.
..#.. )# #Z./..# ..
#.###%#


You could see a yak.

Vanquished Creatures
  A wyvern (D:8)
  A water moccasin (D:8)
  A sky beast (D:8)
  2 ice beasts
  3 ogres
  3 phantoms
  2 centaurs (D:6)
  3 bullfrogs
  A gnoll sergeant (D:7)
  2 scorpions (D:5)
  A water moccasin skeleton (D:7)
  3 wights (D:7)
  A howler monkey (D:7)
  A centaur zombie (D:8)
  2 crimson imps (D:5)
  A bullfrog zombie (D:6)
  3 hounds
  4 orc priests
  A centaur skeleton (D:7)
  Ijyb (D:3)
  3 worker ants
  4 orc wizards
  A hound zombie (D:3)
  2 worker ant zombies (D:8)
  10 adders
  8 gnolls
  4 oozes
  An adder skeleton (D:7)
  4 worms
  2 dart slugs
  4 leopard geckos
  8 orcs
  7 bats
  4 giant cockroaches
  8 goblins
  4 hobgoblins
  10 jackals
  2 quokkas
  A ball python (D:1)
  7 frilled lizards
  8 kobolds
  A leopard gecko skeleton (D:7)
  A quokka skeleton (D:7)
  9 rats
150 creatures vanquished.

Notes
Turn   | Place    | Note
-------+----------+-------------------------------------------
     0 | D:1      | bogdani the Hill Orc Fighter began the quest for the Orb.
     0 | D:1      | Reached XP level 1. HP: 19/19 MP: 1/1
    76 | D:1      | Reached XP level 2. HP: 12/27 MP: 2/2
   374 | D:1      | Reached skill level 3 in Axes
   402 | D:1      | Reached XP level 3. HP: 33/33 MP: 3/3
  1033 | D:2      | Found a glowing golden altar of the Shining One.
  1040 | D:2      | Reached skill level 4 in Axes
  1150 | D:2      | Reached XP level 4. HP: 39/40 MP: 4/4
  1213 | D:2      | Reached skill level 5 in Axes
  1213 | D:2      | Reached XP level 5. HP: 22/46 MP: 5/5
  2020 | D:3      | Noticed a phantom
  2039 | D:3      | Killed a phantom
  2039 | D:3      | Reached skill level 6 in Axes
  2039 | D:3      | Reached XP level 6. HP: 32/53 MP: 6/6
  2264 | D:3      | Found a shadowy altar of Dithmenos.
  2685 | D:3      | Noticed Ijyb
  2701 | D:3      | Killed Ijyb
  2825 | D:4      | You fall through a shaft!
  2825 | D:5      | Entered Level 5 of the Dungeon
  2825 | D:5      | Found a deep blue altar of Sif Muna.
  2893 | D:5      | Noticed a phantom
  2990 | D:5      | Killed a phantom
  2990 | D:5      | Reached skill level 7 in Axes
  2990 | D:5      | Reached skill level 1 in Dodging
  2990 | D:5      | Reached XP level 7. HP: 36/60 MP: 7/7
  3358 | D:5      | Reached skill level 5 in Fighting
  3358 | D:5      | Reached skill level 5 in Armour
  3359 | D:5      | Found a large runed door.
  3359 | D:5      | Found a large runed door.
  3641 | D:5      | Found a staircase to the Ecumenical Temple.
  3700 | D:5      | Noticed Gremour's ghost (novice DrMo)
  3976 | D:6      | Reached skill level 8 in Axes
  4293 | D:6      | Reached XP level 8. HP: 64/69 MP: 8/8
  4427 | D:6      | Reached skill level 9 in Axes
  4757 | D:6      | Found a bloodstained altar of Trog.
  4769 | D:6      | Became a worshipper of Trog the Wrathful
  5005 | D:6      | Reached skill level 5 in Shields
  5480 | D:7      | Reached skill level 10 in Axes
  5515 | D:7      | Reached * piety under Trog
  6291 | D:7      | Reached XP level 9. HP: 70/75 MP: 9/9
  7387 | D:8      | Slain by an unseen horror

Skill      XL: |  1  2  3  4  5  6  7  8  9 |
---------------+----------------------------+-----
Axes           | 3 4 5 6 7 8 10 | 10.7
Fighting       | 4 5 6 7 |  7.0
Armour         | 4 5 6 7 |  7.5
Dodging        | 1 |  1.8
Shields        | 4 5 |  5.5
Maces & Flails | 3 |  3.5
Slings         | |  0.3

Action                   |  1- 3 |  4- 6 |  7- 9 || total
-------------------------+-------+-------+-------++-------
Melee: War axe           |   127 |   205 |   221 ||   553
       Flail             |       |       |   129 ||   129
 Fire: Hunting sling     |       |     7 |     3 ||    10
Invok: Berserk           |       |       |     1 ||     1
  Use: Scroll            |       |       |    14 ||    14
       Potion            |       |       |     7 ||     7
 Stab: Invisible         |       |       |     3 ||     3
  Eat: Chunk             |     1 |     3 |     1 ||     5
       Ration            |       |     1 |     4 ||     5
Armor: Scale mail        |    63 |    93 |   115 ||   271
Dodge: Dodged            |    44 |    46 |   106 ||   196
Block: Shield            |    52 |    93 |   163 ||   308
